 Dungeon Crawl Stone Soup version 0.26.0-10-g1f06aea511 (webtiles) character file.

Game seed: 16614805362441461451

1992 theswoord the Basher (level 9, -1/51 HPs)
             Began as a Gargoyle Monk on Jan 14, 2021.
             Slain by Harold
             ... wielding a +0 flail
              (8 damage)
             ... on level 6 of the Dungeon.
             The game lasted 00:13:28 (7996 turns).

theswoord the Basher (Gargoyle Monk)                Turns: 7996, Time: 00:13:28

Health: -1/51      AC: 13    Str: 13 (15) XL:     9   Next: 21%
Magic:  9/9        EV: 10    Int: 12      God:
Gold:   330        SH:  0    Dex: 16 (18) Spells: 8/8 levels left

rFire    . . .     SeeInvis +   a - +1 mace
rCold    . . .     Faith    .   (no shield)
rNeg     + . .     Spirit   .   j - +0 scale mail
rPois    ∞         Reflect  .   (no helmet)
rElec    +         Harm     .   (no cloak)
rCorr    .         Rampage  .   s - +2 pair of gloves
Will     +....                  k - +0 pair of boots
Stlth    +.........             (no amulet)
HPRegen  0.17/turn              e - ring of see invisible
MPRegen  0.11/turn              v - +6 ring of dexterity

@: about to teleport, marked
A: clumsy 1, deformed body, strong-willed 1, negative energy resistance 1,
electricity resistance, unbreathing, petrification resistance, miasma immunity,
AC +6
a: no special abilities


You were on level 6 of the Dungeon.
You visited 2 branches of the dungeon, and saw 8 of its levels.
You also visited: Sewer.

You collected 434 gold pieces.
You spent 104 gold pieces at shops.

Inventory:

Hand Weapons
 a - a +1 mace (weapon)
 q - a cursed -1 whip
 u - a cursed -2 whip
Armour
 b - a +0 robe
 j - a +0 scale mail (worn)
 k - a +0 pair of boots (worn)
 s - a +2 pair of gloves (worn)
 w - a +0 helmet
Jewellery
 e - a ring of see invisible (left hand)
 n - an uncursed ring of poison resistance
 v - a +6 ring of dexterity (right hand)
 z - an uncursed ring of flight
 C - a +6 ring of intelligence
Wands
 m - a wand of paralysis (9)
Scrolls
 c - 2 scrolls of identify
 d - 3 scrolls of remove curse
 f - 2 scrolls of teleportation
 g - 4 scrolls of enchant armour
 h - 3 scrolls of fog
 l - a scroll of random uselessness {unknown}
 y - 3 scrolls of amnesia
 A - a scroll of enchant weapon
Potions
 i - 2 potions of magic
 o - a potion of mutation
 p - 2 potions of flight
 r - 2 potions of attraction
 t - a potion of brilliance
 x - 2 potions of degeneration
 B - a potion of berserk rage {unknown}


   Skills:
 - Level 3.2 Fighting
 + Level 11.9 Maces & Flails
 - Level 2.4 Dodging
 - Level 2.1 Stealth


You had 8 spell levels left.
You didn't know any spells.
Your spell library was empty.

Dungeon Overview and Level Annotations

Branches:
Dungeon (7/15)             Temple (1/1) D:5           Sewer (visited)

Altars:
Ashenzari
Dithmenos
Fedhas
Hepliaklqana
Kikubaaqudgha
Nemelex Xobeh
Okawaru
Qazlal
Ru
Sif Muna
Uskayaw
Vehumet
Wu Jian
Yredelemnul
Zin
The Shining One

Shops:
D:6 !

Annotations:
D:6 Harold


Innate Abilities, Weirdness & Mutations

You are resistant to torment.
Your stone body is resilient. (AC +6)
You are immune to poison.
You resist negative energy. (rN+)
You are resistant to electric shocks. (rElec)
You can survive without breathing.
You are immune to petrification.
You are immune to miasma.
You are clumsy. (Dex -2)
Armour fits poorly on your strangely shaped body.
You are strong-willed. (Will+)


Message History

You hit Harold.
Harold is lightly wounded.
The black bear bites you but does no damage.
The black bear claws you but does no damage. x2
Harold gestures at you while chanting. A sentinel's mark forms upon you.
You closely miss Harold.
Harold is lightly wounded.
The black bear closely misses you. The black bear barely misses you.
The black bear claws you but does no damage.
Harold points at you and mumbles some strange words.
You barely resist. You barely miss Harold.
Harold is lightly wounded.
You hit Harold.
Harold is lightly wounded.
The black bear barely misses you. The black bear closely misses you.
The black bear claws you but does no damage.
Harold hits you with a +0 flail!
You die...

#.............##.#...
#.#####.....#.##.#.##
#.#####....##.##.#.##
#.##.................
#.##.##.##########.#.
#.##.##.# #.#.
#...o...##########...
####h####.......####.
#@# #.......# #.
###@# #.......# ##
#..h# #.......# #.
#.### #.......# #.
#.## #.......# #.
#..# #.......# #.
##.# ####.#### #. #.#
###.##### #. ##.##
#.......###.


You could see Harold, an orc warrior, a black bear and a hound.

Vanquished Creatures
  Eustachio (D:6)
  An orc warrior (D:6)
  Purgy (Sewer)
  4 ice beasts
  2 phantoms
  A centaur (D:6)
  A water moccasin zombie (D:6)
  4 bullfrogs
  A scorpion (D:4)
  A howler monkey (D:6)
  A bullfrog zombie (D:6)
  2 hounds
  A quasit (D:6)
  2 orc priests (D:6)
  A jelly (D:5)
  4 orc wizards
  An iguana (D:5)
  2 worker ants
  A hound skeleton (D:6)
  A worker ant zombie (D:5)
  Robin (D:4)
  3 gnolls (D:4)
  5 adders
  2 shadow imps
  An ufetubus (D:5)
  An ooze (D:5)
  2 worms
  4 dart slugs
  3 leopard geckos
  16 orcs
  18 bats
  2 giant cockroaches
  19 goblins
  12 hobgoblins
  8 kobolds
  A quokka (D:5)
  4 frilled lizards
  A quokka skeleton (D:5)
  9 rats
145 creatures vanquished.

Notes
Turn   | Place    | Note
-------+----------+-------------------------------------------
     0 | D:1      | theswoord the Gargoyle Monk began the quest for the Orb.
     0 | D:1      | Reached XP level 1. HP: 14/14 MP: 1/1
   270 | D:1      | Reached XP level 2. HP: 13/19 MP: 2/2
   772 | D:1      | Reached skill level 4 in Maces & Flails
   832 | D:1      | Reached XP level 3. HP: 23/23 MP: 3/3
  1673 | D:2      | Reached XP level 4. HP: 26/28 MP: 4/4
  2099 | D:2      | Reached skill level 5 in Maces & Flails
  2513 | D:3      | Reached XP level 5. HP: 31/32 MP: 5/5
  3019 | D:3      | Found a shimmering blue altar of Sif Muna.
  3157 | D:4      | Noticed Robin
  3392 | D:3      | Reached skill level 6 in Maces & Flails
  3710 | D:4      | Reached XP level 6. HP: 34/37 MP: 6/6
  3723 | D:4      | Killed Robin
  4268 | D:4      | Reached skill level 7 in Maces & Flails
  4277 | D:5      | Entered Level 5 of the Dungeon
  4282 | D:5      | Noticed a phantom
  4309 | D:5      | Killed a phantom
  4441 | D:5      | Found a staircase to the Ecumenical Temple.
  4455 | D:5      | Reached XP level 7. HP: 32/41 MP: 7/7
  4468 | Temple   | Entered the Ecumenical Temple
  4754 | D:5      | Found a glowing drain.
  4768 | Sewer    | Entered a sewer
  4821 | Sewer    | Noticed Purgy
  4835 | Sewer    | Killed Purgy
  4836 | Sewer    | Reached skill level 8 in Maces & Flails
  5494 | D:5      | Reached skill level 9 in Maces & Flails
  5886 | D:5      | Reached XP level 8. HP: 46/46 MP: 8/8
  6378 | D:6      | Noticed Eustachio
  6393 | D:6      | Killed Eustachio
  6394 | D:6      | Reached skill level 10 in Maces & Flails
  6446 | D:6      | Found a broken altar of Ashenzari.
  6597 | D:6      | Found Boteasy's Distillery.
  6600 | D:6      | Bought 2 potions of might for 104 gold pieces
  7428 | D:6      | Reached skill level 11 in Maces & Flails
  7634 | D:6      | Reached XP level 9. HP: 51/51 MP: 9/9
  7645 | D:6      | Gained mutation: You are frail. (-10% HP) [potion of
                  | mutation]
  7645 | D:6      | Gained mutation: Your flesh is cold resistant. (rC+)
                  | [potion of mutation]
  7927 | D:7      | Noticed Harold
  7991 | D:6      | Lost mutation: You are frail. (-10% HP) [potion of
                  | mutation]
  7991 | D:6      | Lost mutation: Your flesh is cold resistant. (rC+) [potion
                  | of mutation]
  7991 | D:6      | Gained mutation: Armour fits poorly on your strangely
                  | shaped body. [potion of mutation]
  7991 | D:6      | Gained mutation: You are clumsy. (Dex -2) [potion of
                  | mutation]
  7991 | D:6      | Gained mutation: You are strong-willed. (Will+) [potion of
                  | mutation]
  7996 | D:6      | Slain by Harold

Skill      XL: |  1  2  3  4  5  6  7  8 |
---------------+-------------------------+-----
Maces & Flails | 4 5 6 7 9 11 | 11.9
Fighting       | |  3.2
Dodging        | |  2.4
Stealth        | |  2.1

Action                   |  1- 3 |  4- 6 |  7- 9 || total
-------------------------+-------+-------+-------++-------
Melee: Mace              |   159 |   244 |   379 ||   782
  Use: Scroll            |     1 |    10 |     2 ||    13
       Potion            |       |     4 |     9 ||    13
Armor: Robe              |    16 |       |       ||    16
       Scale mail        |    70 |   175 |   235 ||   480
Dodge: Dodged            |    86 |   199 |   193 ||   478

Levels and vault maps discovered:
D:1:      lightli_molten_gateway, layout_rooms, kennysheep_crisscross
D:2:      layout_loops_ring, minmay_puff
D:3:      layout_rooms, lemuel_blue_sif_altar
D:4:      layout_cave_pools, kennysheep_orc_chapel, uniq_robin
D:5:      layout_basic, minmay_temple_entry_mist, portal_sewer_entry_d
D:6:      minmay_octagon_keep, layout_loops_cross, overflow_temple_1_default,
          serial_shops, nicolae_shop_window_shopping, uniq_eustachio
D:7:      layout_basic, slow_altar_1, uniq_harold
Temple:   dpeg_chambers_temple
